 Dungeon Crawl Stone Soup version 0.23-a0-451-g1044d4cbad (webtiles) character file.

39 LostNumber the Ruffian (level 3, -2/29 HPs)
             Began as a Draconian Transmuter on Nov 23, 2018.
             Slain by an ogre
             ... wielding a +0 giant club
              (31 damage)
             ... on level 2 of the Dungeon.
             The game lasted 00:02:55 (1225 turns).

LostNumber the Ruffian (Draconian Transmuter)       Turns: 1225, Time: 00:02:56

Health: -2/29      AC:  5    Str: 12    XL:     3   Next: 26%
Magic:  6/6        EV: 12    Int: 14    God:
Gold:   91         SH:  0    Dex: 11    Spells: 3/6 levels left

rFire    . . .     SeeInvis .     - Unarmed
rCold    . . .     Gourm    .   (no shield)
rNeg     . . .     Faith    .   (armour unavailable)
rPois    .         Spirit   .   (helmet restricted)
rElec    .         Reflect  .   (no cloak)
rCorr    .         Harm     .   (no gloves)
MR       .....                  (no boots)
Stlth    +.........             (no amulet)
HPRegen  0.09/turn              (no ring)
MPRegen  0.10/turn              (no ring)

@: no status effects
A: unfitting armour, cold-blooded, AC +5
a: no special abilities


You were on level 2 of the Dungeon.
You were not hungry.

You visited 1 branch of the dungeon, and saw 2 of its levels.

You collected 91 gold pieces.

Inventory:

Missiles
 a - 9 arrows
Scrolls
 f - a scroll of immolation {unknown}
 g - a scroll of teleportation {unknown}
 h - 2 scrolls of identify {unknown}
 i - a scroll of noise {unknown}
 j - 2 scrolls of remove curse {unknown}
 k - 2 scrolls of enchant armour {unknown}
 m - 3 scrolls of random uselessness {unknown}
 n - a scroll of fog {unknown}
Potions
 b - a potion of lignification {unknown}
 d - a potion of magic {unknown}
 e - a potion of might {unknown}
Comestibles
 c - 2 rations


   Skills:
 + Level 1.8 Fighting
 + Level 2.1 Dodging
 * Level 3.6 Unarmed Combat
 - Level 2.0 Spellcasting
 + Level 2.4 Transmutations


You had 3 spell levels left.
You knew the following spells:

 Your Spells              Type           Power        Failure   Level  Hunger
a - Beastly Appendage     Tmut           #.....       9%          1    ##.....
b - Sticks to Snakes      Tmut           #.......     13%         2    ###....

Your spell library contained the following spells:

 Spells                   Type           Power        Failure   Level  Hunger
 Spider Form              Tmut/Pois      #.........   41%         3    ####...
 Ice Form                 Ice/Tmut       #.......     82%         4    #####..
 Blade Hands              Tmut           #.........   94%         5    ######.


Dungeon Overview and Level Annotations

Branches:
Dungeon (2/15)

Altars:


Innate Abilities, Weirdness & Mutations

Your plain brown scales are hard. (AC +5)
You cannot fit into any form of body armour.
You are cold-blooded and may be slowed by cold attacks.


Message History

You start resting.
All of the chunks of flesh in your inventory have rotted away.
Magic restored.
You start resting.
Your adder withers and dies!
HP restored.
You open the door.
Found 25 stones.
There is an open door here.
An ogre comes into view. It is wielding a +0 giant club.
An ogre is nearby!
The ogre shouts!
You hear a shout!
A hobgoblin comes into view. It is wielding a +0 club.
The hobgoblin shouts!
Found 5 gold pieces.
You hit the ogre.
The ogre is lightly wounded.
The ogre hits you with a +0 giant club!!
Ouch! That really hurt!
You die...

#.#.....####.
#....$...#.#...###.<#'
#....... #.#...###.#..
.(..g.. #.#.......'..
..... #.##+#....#..
#.... #.##.######..
#...# #.#.......'..
+..O# #.#########..
#..@####............
+...'........####.##
#...########.#......
###.# #.#.##.#. #.#
#.#.##.#. #.#
#.#'##+#. #+#
#..†..... #........
#........


You could see an ogre and a hobgoblin.

Vanquished Creatures
  An adder (D:2)
  A leopard gecko (D:2)
  A giant cockroach (D:1)
  3 hobgoblins
  4 jackals
  7 kobolds
  4 bats
  3 frilled lizards
  3 goblins
  4 rats
31 creatures vanquished.

Notes
Turn   | Place    | Note
-------+----------+-------------------------------------------
     0 | D:1      | LostNumber the Draconian Transmuter began the quest for the
                  | Orb.
     0 | D:1      | Reached XP level 1. HP: 16/16 MP: 3/3
   236 | D:1      | Reached XP level 2. HP: 23/23 MP: 3/5
   240 | D:1      | Learned a level 2 spell: Sticks to Snakes
   982 | D:2      | Reached XP level 3. HP: 21/29 MP: 6/6
  1222 | D:2      | Noticed an ogre
  1225 | D:2      | Slain by an ogre

Vault maps used:
D:1:      mrwooster_arrival_statue_2
D:2:      nicolae_overflow_hidden_temple

Skill      XL: |  1  2 |
---------------+-------+-----
Dodging        | 2 |  2.1
Fighting       | |  1.8
Unarmed Combat | |  3.6
Spellcasting   | |  2.0
Transmutations | |  2.4

Action                   || total
-------------------------++-------
Melee: Unarmed           ||   101
       Tailslap          ||    11
       Kick              ||     9
       Headbutt          ||     1
       Punch             ||     1
 Cast: Beastly Appendage ||    15
       Sticks to Snakes  ||     3
 Stab: Sleeping          ||     1
  Eat: Chunk             ||     2
Armor: Skin              ||    32
Dodge: Dodged            ||    67

Table legend:
 A = Non-vault XP
 B = Vault XP
 C = Vault XP percentage of total XP
 D = Non-vault monster count
 E = Vault monster count
 F = Vault count percentage of total count
                 A         B        C        D         E       F
            +---------+---------+-------+---------+---------+-------
      Total |      56 |       0 |   0.0 |      31 |       0 |   0.0
            +---------+---------+-------+---------+---------+-------
        D:1 |      22 |       0 |   0.0 |      15 |       0 |   0.0
        D:2 |      34 |       0 |   0.0 |      16 |       0 |   0.0
            +---------+---------+-------+---------+---------+-------
